 Dungeon Crawl Stone Soup version 0.18.1-8-gdd0e5ea (webtiles) character file.

1103 senseless the Conjurer (level 8, -1/50 HPs)
             Began as an Octopode Conjurer on May 28, 2016.
             Slain by a sky beast (5 damage)
             ... on level 6 of the Dungeon on May 30, 2016.
             The game lasted 00:32:23 (6571 turns).

senseless the Conjurer (Octopode Conjurer)          Turns: 6571, Time: 00:32:24

Health: -1/50      AC:  1    Str:  8    XL:     8   Next: 32%
Magic:  13/15      EV: 13    Int: 25    God:
Gold:   303        SH:  0    Dex: 13    Spells: 4 memorised, 7 levels left

rFire  . . .     SeeInvis .     c - +1 dagger (speed)
rCold  . . .     Gourm    .     (no shield)
rNeg   . . .     Faith    .     (helmet restricted)
rPois  .         Spirit   .     (no amulet)
rElec  .         Dismiss  .     l - +4 ring of intelligence
rCorr  .         Reflect  .     g - ring of teleportation (curse)
SustAt .         Harm     .     o - +3 ring of intelligence
MR     .....     Rnd*Tele +     (no ring)
Stlth  ++++......               (no ring)
                                (no ring)
                                (no ring)
                                (no ring)

@: not resistant to hostile enchantments, stealthy
A: almost no armour, amphibious, 8 rings, constrict 8, camouflage 1, gelatinous
body 1
a: no special abilities


You were on level 6 of the Dungeon.
You were not hungry.

You visited 1 branch of the dungeon, and saw 6 of its levels.

You collected 303 gold pieces.

Inventory:

Hand Weapons
 c - a +1 dagger of speed (weapon)
 i - a +1 dagger of flaming
Jewellery
 g - a cursed ring of teleportation (right tentacle)
 l - a +4 ring of intelligence (left tentacle)
 o - a +3 ring of intelligence (on tentacle)
Scrolls
 e - 2 scrolls of teleportation
Potions
 d - a potion of lignification
 f - a potion of magic {unknown}
 h - a potion of heal wounds {unknown}
 j - a potion of mutation {unknown}
 k - a potion of curing {unknown}
 m - 3 potions of flight {unknown}
 n - a potion of degeneration {unknown}
 p - a potion of might {unknown}
Books
 a - a book of Conjurations

   Spells                             Type                      Level
   a - Magic Dart                     Conjuration                  1
   b - Searing Ray                    Conjuration                  2
   c - Dazzling Spray                 Conjuration/Hexes            3
   d - Fulminant Prism                Conjuration/Hexes            4
   e - Iskenderun's Mystic Blast      Conjuration                  4
   f - Iskenderun's Battlesphere      Conjuration/Charms           5
Comestibles
 b - 2 bread rations


   Skills:
 + Level 2.0 Fighting
 + Level 1.3 Short Blades
 + Level 4.0 Dodging
 + Level 5.4 Stealth
 + Level 0.6 Unarmed Combat
 + Level 5.0 Spellcasting
 + Level 6.9 Conjurations


You had 7 spell levels left.
You knew the following spells:

 Your Spells              Type           Power        Failure   Level  Hunger
a - Magic Dart            Conj           ####         1%          1    None
b - Searing Ray           Conj           #####.       1%          2    None
c - Dazzling Spray        Conj/Hex       ###.....     8%          3    ##.....
d - Iskenderun's Mystic   Conj           #####...     6%          4    ####...


Dungeon Overview and Level Annotations

Branches:
Dungeon (6/15)
 Temple: D:4-7

Altars:
Fedhas
Okawaru
Yredelemnul
The Shining One


Innate Abilities, Weirdness & Mutations

You cannot wear most types of armour.
You are amphibious.
You can wear up to eight rings at the same time.
You can use your tentacles to constrict eight enemies at once.
Your skin changes colour to match your surroundings (Stealth).
Your rubbery body absorbs attacks (AC +1).


Message History

The sky beast closely misses you.
You hit the sky beast.
The sky beast is heavily wounded.
You hit the sky beast.
The sky beast is heavily wounded.
The sky beast hits you.
* * * LOW HITPOINT WARNING * * *
The sky beast shocks you.
* * * LOW HITPOINT WARNING * * *
You hit the sky beast.
The sky beast is heavily wounded.
The sky beast misses you.
You barely miss the sky beast. You squeeze the sky beast.
The sky beast is severely wounded.
You hit the sky beast.
The sky beast is almost dead.
The sky beast hits you.
* * * LOW HITPOINT WARNING * * *
The sky beast shocks you.
You die...

# .. .. .##.
#.#.# ...##.#.##
........ #...#.#
...... #....
.......
#...######
....[.#
#..@Y....#
......#
#..#####.#
......# #..#
......# ###.##
......######...#
#...........#.#
#....#######..#
#...## ###.###
#...# ##.....##


You could see a sky beast.

Vanquished Creatures
  Sigmund (D:3)
  An orc warrior (D:5)
  A phantom (D:6)
  2 ogres (D:5)
  A quasit (D:4)
  A jelly (D:6)
  4 hounds
  2 iguanas (D:4)
  3 orc wizards (D:5)
  2 worker ants (D:5)
  2 hound zombies (D:5)
  7 adders
  An adder zombie (D:5)
  4 worms
  7 dart slugs
  2 giant geckos
  13 orcs
  A giant cockroach (D:6)
  7 goblins
  9 hobgoblins
  8 jackals (D:1)
  5 quokkas
  A ball python (D:1)
  13 bats
  A giant gecko skeleton (D:6)
  4 giant newts
  A jackal skeleton (D:4)
  11 kobolds
  8 rats
  A spectral orc (D:3)
124 creatures vanquished.

Notes
Turn   | Place    | Note
--------------------------------------------------------------
     0 | D:1      | senseless the Octopode Conjurer began the quest for the Orb.
     0 | D:1      | Reached XP level 1. HP: 11/11 MP: 3/3
   376 | D:1      | Reached XP level 2. HP: 6/17 MP: 1/5
   925 | D:1      | Reached XP level 3. HP: 11/21 MP: 0/6
  1844 | D:2      | Reached skill level 5 in Conjurations
  1844 | D:2      | Reached XP level 4. HP: 17/27 MP: 0/7
  2673 | D:3      | Noticed Sigmund
  2686 | D:3      | Killed Sigmund
  2686 | D:3      | Reached skill level 1 in Fighting
  2686 | D:3      | Reached XP level 5. HP: 3/33 MP: 1/9
  2686 | D:3      | Reached XP level 6. HP: 3/38 MP: 1/10
  3054 | D:3      | Found a faded altar to an unknown god.
  3255 | D:3      | Found a glowing golden altar of the Shining One.
  3462 | D:3      | Found a basalt altar of Yredelemnul.
  4064 | D:4      | Found a blossoming altar of Fedhas.
  4391 | D:4      | Reached XP level 7. HP: 40/43 MP: 8/12
  4526 | D:4      | Reached skill level 6 in Conjurations
  4572 | D:5      | Entered Level 5 of the Dungeon
  4586 | D:5      | Found an iron altar of Okawaru.
  4961 | D:5      | Learned a level 2 spell: Searing Ray
  4965 | D:5      | Learned a level 3 spell: Dazzling Spray
  4970 | D:5      | Learned a level 4 spell: Iskenderun's Mystic Blast
  5378 | D:5      | Reached skill level 1 in Short Blades
  5818 | D:5      | Reached skill level 5 in Stealth
  5818 | D:5      | Reached XP level 8. HP: 20/50 MP: 9/14
  6400 | D:6      | Reached skill level 5 in Spellcasting
  6571 | D:6      | Slain by a sky beast

Skill      XL: |  1  2  3  4  5  6  7  8 |
---------------+-------------------------+-----
Conjurations   | 5 6 |  6.9
Fighting       | 1 2 |  2.0
Stealth        | 3 4 5 |  5.4
Spellcasting   | 3 4 5 |  5.0
Dodging        | 3 4 |  4.0
Short Blades   | 1 |  1.3
Unarmed Combat | |  0.6

Action                   |  1- 3 |  4- 6 |  7- 9 || total
-------------------------+-------+-------+-------++-------
Melee: Unarmed           |    61 |       |       ||    61
       Constrict         |    18 |    13 |    13 ||    44
       Tentacles         |     8 |    10 |    16 ||    34
       Dagger            |     5 |    53 |    95 ||   153
       Punch             |       |     1 |     1 ||     2
 Cast: Magic Dart        |    69 |    74 |   106 ||   249
       Iskenderun's Myst |       |       |     5 ||     5
  Use: Scroll            |       |     8 |     3 ||    11
 Stab: Sleeping          |     1 |     6 |     1 ||     8
  Eat: Chunk             |     4 |     7 |     4 ||    15
       Fruit             |       |     1 |     1 ||     2
       Meat ration       |       |       |     1 ||     1
Armor: Skin              |    12 |       |     2 ||    14
Dodge: Dodged            |    43 |    19 |    26 ||    88
